Map: Acid Plant LE

Players

scorplingg

  • Race: Zerg Zerg
  • Spawn Location: 5:00

Bly - Winner!

  • Race: Zerg Zerg
  • Spawn Location: 11:00

Event: WCS Austin 2018

VOD

Have the link to the VOD?

Description

Time

  • Played on: June 1, 2018, 1:28 p.m.
  • Length: 4:20

All games in this series

Show
View Real Time Build Order
Export as new Build Order

scorplingg Zerg 

Build Orders: Pool First 

Get SALT Encoding   

  12  0:02  Drone  
  13  0:09  Extractor  
  12  0:24  Spawning Pool  
  11  0:28  Drone  
  11  0:33  Drone  
  13  0:40  Drone  
  14  0:49  Drone, Extractor  
  15  0:57  Overlord  
  15  1:11  Metabolic Boost  
  15  1:16  Zergling x2  
  15  1:17  Zergling x2  
  17  1:22  Zergling x2  
  18  1:32  Queen  
  20  1:36  Zergling x2  
  21  1:44  Zergling x2  
  22  1:50  Baneling Nest  
  21  1:56  Overlord  
  21  2:05  Zergling x2  
  22  2:20  Zergling x2  
  23  2:28  Zergling x2  
  22  2:47  Zergling x2  
  22  2:49  Drone x3  
  23  3:11  Baneling x3  
  23  3:12  Baneling x3  
  23  3:13  Overlord x2  
  23  3:24  Hatchery  
  22  3:31  Zergling x4  
  20  3:49  Drone x3  
Show
View Real Time Build Order
Export as new Build Order

Bly Zerg - Winner!

Build Orders: Hatch First 

Get SALT Encoding   

  12  0:01  Drone  
  13  0:13  Overlord  
  13  0:19  Drone  
  14  0:31  Drone  
  14  0:32  Drone  
  16  0:36  Drone  
  17  0:51  Hatchery  
  17  0:55  Drone  
  17  0:59  Drone  
  18  1:06  Extractor  
  17  1:14  Spawning Pool  
  17  1:18  Drone  
  17  1:20  Drone  
  18  1:28  Drone  
  19  1:41  Overlord  
  19  2:00  Queen  
  21  2:02  Zergling x2  
  21  2:04  Spine Crawler x2, Zergling x2  
  21  2:05  Zergling x2  
  22  2:12  Queen  
  22  2:15  Zergling x2  
  25  2:18  Zergling x2  
  25  2:22  Zergling x2  
  27  2:26  Zergling x2  
  28  2:35  Zergling x2  
  27  2:42  Zergling x2  
  26  2:47  Zergling x2  
  26  2:48  Queen  
  28  2:53  Zergling x2  
  28  3:01  Zergling x2  
  28  3:02  Zergling x2  
  28  3:07  Baneling Nest  
  28  3:08  Zergling x4  
  29  3:17  Zergling x4  
  29  3:18  Zergling x2  
  32  3:29  Overlord  
  32  3:30  Drone  
  33  3:37  Drone x2  
  33  3:52  Zergling x2  
  32  4:03  Baneling  
Tags
 
Add a new tag
Caveats
  • Supply blocks, unpowered buildings, or Contaminate may cause inaccurate times.
  • Supply counts are checked every 10 seconds.